 Dungeon Crawl Stone Soup version 0.30-a0-857-gcaf70739d4 (webtiles) character file.

Game seed: 4075997551868845274

368 Newt the Skirmisher (level 7, 0/44 HPs)
             Began as a Kobold Hunter on Mar 5, 2023.
             Slain by a howler monkey (2 damage)
             ... on level 5 of the Dungeon on Mar 6, 2023.
             The game lasted 00:03:01 (4126 turns).

Newt the Skirmisher (Kobold Hunter)                 Turns: 4126, Time: 00:03:02

Health: 0/44       AC:  5    Str:  9    XL:     7   Next: 1%
Magic:  16/16      EV: 14    Int: 10    God:
Gold:   117        SH:  0    Dex: 20    Spells: 6/6 levels left

rFire   . . .      SeeInvis .    a - +0 shortbow
rCold   . . .      Faith    .    (shield currently unavailable)
rNeg    . . .      Spirit   .    c - +0 leather armour
rPois   .          Reflect  .    (no helmet)
rElec   .          Rampage  .    p - +1 cloak
rCorr   .                        (no gloves)
Will    .....                    (no boots)
Stlth   +++                      (no amulet)
HPRegen 0.27/turn                j - ring of magical power
MPRegen 0.15/turn                (no ring)

@: about to teleport
A: small, no large weapons, nightstalker 3
a: no special abilities


You were on level 5 of the Dungeon.
You visited 1 branch of the dungeon, and saw 5 of its levels.

You collected 156 gold pieces.
You spent 39 gold pieces at shops.

Inventory:

Hand Weapons
 a - a +0 shortbow (weapon)
Armour
 c - a +0 leather armour (worn)
 p - a +1 cloak (worn)
Jewellery
 j - a ring of magical power (left hand)
Scrolls
 b - 2 scrolls of immolation
 e - a scroll of fog {unknown}
 i - a scroll of enchant weapon {unknown}
 l - a scroll of brand weapon {unknown}
 m - a scroll of enchant armour
 o - a scroll of noise {unknown}
 r - a scroll of amnesia {unknown}
 s - a scroll of blinking {unknown}
Potions
 f - 2 potions of berserk rage
 g - a potion of haste
 h - a potion of degeneration
 k - a potion of magic
 n - 2 potions of mutation
 q - a potion of attraction


   Skills:
 - Level 5.0 Fighting
 + Level 8.7 Ranged Weapons
 - Level 2.4 Dodging
 - Level 1.3 Stealth


You had 6 spell levels left.
You didn't know any spells.
Your spell library contained the following spells:

 Spells                   Type           Power      Damage    Failure   Level
 Sublimation of Blood     Necr           0%         N/A       63%         2
 Wereblood                Tmut           0%         N/A       63%         2
 Summon Hydra             Summ           0%         N/A       100%        7


Dungeon Overview and Level Annotations

Branches:
Dungeon (5/15)
 Temple: D:4-7

Altars:

Shops:
D:3 :   D:5 !


Innate Abilities, Weirdness & Mutations

You are small and have problems with some larger weapons.
You are completely attuned to the shadows.


Message History

You shoot an arrow. The arrow hits the black bear!
You kill the black bear!
The howler monkey closely misses you. The howler monkey hits you.
* * * LOW HITPOINT WARNING * * *
You have reached level 7!
You feel better.
The howler monkey hoots and howls with incredible vigour!
You shoot an arrow.
The arrow closely misses the howler monkey.
The howler monkey misses you.
You shoot an arrow. The arrow hits the howler monkey.
The howler monkey is moderately wounded.
The howler monkey hits you.
* * * LOW HITPOINT WARNING * * *
You shoot an arrow.
The arrow hits the howler monkey but does no damage.
The howler monkey is moderately wounded.
The howler monkey hits you.
* * * LOW HITPOINT WARNING * * *
The howler monkey hits you.
* * * LOW HITPOINT WARNING * * *
Okay, then.
You shoot an arrow.
The arrow barely misses the howler monkey.
You hear an angry hiss.
The howler monkey hits you but does no damage.
You shoot an arrow.
The arrow hits the howler monkey but does no damage.
The howler monkey is moderately wounded.
The howler monkey hoots and howls with incredible vigour!
An adder comes into view.
The howler monkey hits you but does no damage.
You shoot an arrow.
The arrow closely misses the howler monkey.
The howler monkey misses you.
An iguana comes into view.
Okay, then.
As you read the scroll of teleportation, it crumbles to dust.
You feel strangely unstable. The howler monkey hits you.
You die...

....##....#.
....#.......
.>...##..... #.
...###.....##.....
...####..###.....####
..........#.......#..
...............##....
............l.h....
.........##.#.@....
............###....
...........# S.#.
....#... ..# ..##..
#..


You could see a howler monkey, an iguana and an adder.

Vanquished Creatures
  A black bear (D:5)
  An orc priest (D:5)
  An iguana (D:5)
  An orc wizard (D:5)
  4 gnolls (D:4)
  8 adders
  A dart slug (D:3)
  5 orcs (D:5)
  6 bats
  8 endoplasms
  3 giant cockroaches
  7 goblins
  7 hobgoblins
  7 jackals
  A quokka (D:1)
  10 ball pythons
  6 frilled lizards
  2 kobolds (D:4)
  8 rats
87 creatures vanquished.

Notes
Turn   | Place    | Note
-------+----------+-------------------------------------------
     0 | D:1      | Newt the Kobold Hunter began the quest for the Orb.
     0 | D:1      | Reached XP level 1. HP: 12/12 MP: 1/1
     2 | D:1      | Noticed a naga
     2 | D:1      | Noticed a spriggan
     4 | D:1      | Noticed a troll
     4 | D:1      | Noticed a meteoran
     6 | D:1      | Noticed a demonspawn
     8 | D:1      | Noticed an octopode
     8 | D:1      | Noticed a merfolk
    10 | D:1      | Noticed a tengu
    10 | D:1      | Noticed a demigod
    13 | D:1      | Noticed a felid
    13 | D:1      | Noticed an elf
    15 | D:1      | Noticed a draconian
    15 | D:1      | Noticed a formicid
    17 | D:1      | Noticed a human
    17 | D:1      | Noticed a gargoyle
    19 | D:1      | Noticed an armataur
    19 | D:1      | Noticed an ogre
    21 | D:1      | Noticed a ghoul
    21 | D:1      | Noticed a minotaur
    23 | D:1      | Noticed a vampire
    25 | D:1      | Noticed a human
    27 | D:1      | Noticed a felid
    27 | D:1      | Noticed a merfolk
   133 | D:1      | Reached XP level 2. HP: 18/18 MP: 2/2
   537 | D:1      | Reached XP level 3. HP: 21/23 MP: 3/3
   592 | D:1      | Found a faded altar of an unknown god.
  1380 | D:2      | Reached XP level 4. HP: 29/30 MP: 4/4
  2376 | D:3      | Found Fiex's Book Shop.
  2381 | D:3      | Reached skill level 5 in Fighting
  2544 | D:3      | Reached XP level 5. HP: 35/35 MP: 5/5
  3046 | D:4      | Reached skill level 6 in Ranged Weapons
  3896 | D:5      | Entered Level 5 of the Dungeon
  3898 | D:5      | Reached skill level 7 in Ranged Weapons
  3905 | D:5      | Reached XP level 6. HP: 31/40 MP: 6/6
  3998 | D:5      | Found Firegy's Distillery.
  4003 | D:5      | Bought a potion of curing for 39 gold pieces
  4044 | D:5      | Reached skill level 8 in Ranged Weapons
  4108 | D:5      | Noticed a black bear
  4118 | D:5      | Killed a black bear
  4119 | D:5      | Reached XP level 7. HP: 5/44 MP: 7/7
  4122 | D:5      | HP: 1/44 [howler monkey (5)]
  4126 | D:5      | Slain by a howler monkey

Illustrated notes

Levels and vault maps discovered:
D:1:      kb_arrival_jail, layout_loops_corners,
          hellmonk_ecumenical_altar_leap_of_faith
D:2:      layout_basic
D:3:      layout_loops_ring, serial_shops, shop_statue, minmay_checkerbox
D:4:      layout_basic, grunt_ministairs_3
D:5:      layout_cave_pools, serial_shops,
          nicolae_shop_competitors_out_of_business, chequers_garden

Skill      XL: |  1  2  3  4  5  6 |
---------------+-------------------+-----
Fighting       | 3 4 5 |  5.0
Ranged Weapons | 7 8 |  8.7
Dodging        | |  2.4
Stealth        | |  1.3

Action                     |  1- 3 |  4- 6 |  7- 9 || total
---------------------------+-------+-------+-------++-------
   Fire: Shortbow          |    69 |   137 |     6 ||   212
    Use: Scroll            |     1 |     5 |     1 ||     7
         Potion            |       |     2 |     1 ||     3
 Armour: Leather armour    |     7 |    21 |     2 ||    30
  Dodge: Dodged            |    22 |    76 |     2 ||   100

Table legend: (Time is in decaauts)
 A = Elapsed time spent in this place.
 B = Non-inter-level travel time spent in this place.
 C = Inter-level travel time spent in this place.
 D = Time resting spent in this place.
 E = Time spent auto-exploring this place.
 F = Levels seen in this place.
 G = Mean time per level.
                   A        B        C        D        E       F      G
               +--------+--------+--------+--------+--------+-----+--------+
         Total |   4190 |   3879 |    311 |     44 |   3408 |   5 |  838.0 |
       Dungeon |   4190 |   3879 |    311 |     44 |   3408 |   5 |  838.0 |
               +--------+--------+--------+--------+--------+-----+--------+

Top non-repeatable levels by time:
     D:1: 1220 daAuts
     D:4: 978 daAuts
     D:3: 900 daAuts
     D:2: 854 daAuts
     D:5: 236 daAuts
